[Event "Team 45 45 League T68"]
[Site "Internet Chess Club"]
[Date "2016.04.14"]
[Round "6"]
[White "cityprosecutor"]
[Black "LiangLiang"]
[Result "1/2-1/2"]
[WhiteElo "1762"]
[BlackElo "1840"]
[Opening "Sicilian defense"]
[ECO "B20"]
[Time "18:30:07"]
[TimeControl "2700+45"]

1. e4 c5 2. d3 Nc6 3. g3 g6 4. Bg2 Bg7 5. f4 d6 6. Nf3 Nf6 7. O-O O-O 8. a4 Bd7
9. h3 Qc7 10. Nbd2 a6 11. Nc4 b5 12. Ne3 Rab8 13. g4 e5 14. g5 Nh5 15. Nd5 Qd8
16. f5 Ng3 17. f6 Bh8 18. axb5 axb5 19. Ra6 Re8 20. Re1 Qc8 21. Rb6 Be6 22. Rxb8
Qxb8 23. Kh2 Nf5 24. Nf4 Nfd4 25. Nxd4 Nxd4 26. Nxe6 Nxe6 27. h4 h6 28. Rh1 Nf4
29. Kg1 c4 30. Bxf4 exf4 31. d4 Qb6 32. c3 b4 33. Qc1 bxc3 34. bxc3 Ra8 35. e5
Ra5 36. exd6 Qxd6 37. Qe1 Qb8 38. Rh3 hxg5 39. hxg5 Rxg5 40. Qe7 Qa8 41. Qe2
Bxf6 42. Kh2 Qb8 43. Bf3 Rg3 44. Qxc4 Qb2+ 45. Qe2 Rxh3+ 46. Kxh3 Qxc3 47. d5
Qe3 48. Qg2 Kg7 49. Qg4 Qe5 50. Qg2 Qg5 51. Qxg5 Bxg5 52. Kg4 Kh6 53. Bg2 f5+
54. Kf3 Kg7 55. Bf1 Kf6 56. Bb5 Bh6 57. d6 Bf8 58. d7 Be7 59. Kxf4 g5+ 60. Kf3
Ke5 61. Kg3 Kf6 62. Kf3 g4+ 63. Kg3 Bd6+ 64. Kh4 Ke7 65. Bd3 g3 66. Kh3 f4 67.
Kg2 Kxd7 68. Be4 Ke6 69. Bf3 Ke5 70. Bb7 Kd4 71. Bf3 Ke3 72. Bc6 Bb4 73. Bf3 Be1
74. Bb7 Ke2 75. Bf3+ Ke3 {Game drawn by mutual agreement} 1/2-1/2

[Event "Team 45 45 League T68"]
[Site "Internet Chess Club"]
[Date "2016.04.17"]
[Round "6"]
[White "avila"]
[Black "Knight77"]
[Result "1-0"]
[WhiteElo "1958"]
[BlackElo "1768"]
[Opening "Sicilian: dragon, classical, 9.Nb3"]
[ECO "B74"]
[Time "22:04:38"]
[TimeControl "2700+45"]

1. e4 c5 2. Nf3 d6 3. d4 cxd4 4. Nxd4 Nf6 5. Nc3 g6 6. Be2 Bg7 7. Be3 O-O 8. O-O
Nc6 9. Nb3 a6 10. a4 Be6 11. f4 Qc8 12. Qd2 Rd8 13. Bb6 Re8 14. Bf3 Nb4 15. Nd5
Nbxd5 16. exd5 Bg4 17. Na5 Bxf3 18. Rxf3 Ne4 19. Qe2 Nc5 20. Nc4 Bd4+ 21. Kh1
Qf5 22. c3 Nb3 23. Ra3 Nc1 24. Qd1 Qxd5 25. Bxd4 Qxc4 26. Qxc1 e5 27. fxe5 dxe5
28. Bg1 Rad8 29. Ra1 e4 30. Rh3 Rd3 31. Qh6 Rxh3 32. Qxh3 f5 33. Rd1 Qe2 34. Rd7
h5 35. Qg3 Qg4 36. Qc7 {Black resigns} 1-0

[Event "Team 45 45 League T68"]
[Site "Internet Chess Club"]
[Date "2016.04.17"]
[Round "6"]
[White "jonesey"]
[Black "bss2005"]
[Result "1/2-1/2"]
[WhiteElo "2001"]
[BlackElo "1938"]
[Opening "Sicilian defense"]
[ECO "B20"]
[Time "18:01:54"]
[TimeControl "2700+45"]

1. e4 c5 2. c4 Nc6 3. Nc3 d6 4. g3 g6 5. Bg2 Bg7 6. Nge2 Nf6 7. d3 O-O 8. O-O a6
9. a3 Rb8 10. Rb1 b5 11. cxb5 axb5 12. b4 Bg4 13. bxc5 Bxe2 14. Qxe2 dxc5 15.
Be3 Nd7 16. Nxb5 Qa5 17. Bd2 Qa6 18. d4 cxd4 19. Nxd4 Qxe2 20. Nxe2 Nde5 21. Bc3
Nc4 22. a4 Rfc8 23. Bxg7 Kxg7 24. Rfc1 N6a5 25. Rb5 Rxb5 26. axb5 Rc5 27. Rb1
Na3 28. Ra1 N5c4 29. Bf1 Nxb5 30. Rc1 {Game drawn by mutual agreement} 1/2-1/2

[Event "Team 45 45 League T68"]
[Site "Internet Chess Club"]
[Date "2016.04.17"]
[Round "6"]
[White "Knight8700"]
[Black "fledermaus"]
[Result "1/2-1/2"]
[WhiteElo "1881"]
[BlackElo "1889"]
[Opening "QGD: exchange, positional line"]
[ECO "D35"]
[Time "17:00:24"]
[TimeControl "2700+45"]

1. d4 d5 2. c4 e6 3. Nc3 Nf6 4. cxd5 exd5 5. Bg5 Be7 6. Qc2 Nbd7 7. e3 c6 8. Bd3
Nh5 9. Bxe7 Qxe7 10. Nge2 g6 11. a3 Nb6 12. Na4 Nxa4 13. Qxa4 O-O 14. O-O Nf6
15. Qc2 Ne4 16. Rae1 Bf5 17. Ng3 Nxg3 18. hxg3 Bxd3 19. Qxd3 Rfe8 20. Rc1 h5 21.
b4 a6 22. Rfe1 Kg7 23. f3 Qg5 24. Kf2 Re6 25. Rh1 Rh8 26. Rh4 Rhe8 27. Re1 R8e7
28. Re2 Re8 29. Re1 R6e7 30. Rf4 Re6 31. Qc3 f5 32. a4 Qf6 33. Rh4 Qg5 34. Qb3
Qe7 35. Re2 Qg5 36. Rh1 Rh8 37. b5 axb5 38. axb5 h4 39. gxh4 Rxh4 40. Rxh4 Qxh4+
41. Kg1 Qe7 42. g3 g5 43. bxc6 bxc6 44. Qd3 Kf6 45. Kf1 Qh7 46. Kg2 Qe7 47. Qc3
Kg6 48. Re1 Kf6 49. Qd3 Kg7 50. Kf2 Qf7 51. Rg1 Rh6 52. Rg2 Qe6 53. Qa3 Rf6 54.
Rh2 Rh6 55. Qa7+ Kg6 56. Rg2 g4 57. fxg4 fxg4 58. Qb7 Qf7+ 59. Qxf7+ Kxf7 60.
Ke2 Rf6 61. Kd3 Ke6 62. Rh2 Rf3 63. Rh6+ Kd7 64. Rg6 Rxg3 65. Ke2 Kc7 66. Kf2
Rf3+ 67. Ke2 Rg3 68. Rg5 Kb6 69. Kf2 Rf3+ 70. Ke2 Rg3 71. Kf2 Rf3+ 72. Ke2 Rg3
73. Kf2 Rf3+ 74. Ke2 Rg3 {Game drawn by repetition} 1/2-1/2

[Event "Team 45 45 League T68"]
[Site "Internet Chess Club"]
[Date "2016.04.16"]
[Round "6"]
[White "ChessRooklift"]
[Black "gomeschess"]
[Result "0-1"]
[WhiteElo "1787"]
[BlackElo "1983"]
[Opening "Nimzovich-Larsen attack: modern variation"]
[ECO "A01"]
[Time "17:03:34"]
[TimeControl "2700+45"]

1. b3 e5 2. Bb2 Nc6 3. e3 Nf6 4. Bb5 d6 5. d4 exd4 6. Qxd4 Bd7 7. Bxc6 Bxc6 8.
Nf3 Be7 9. Nc3 O-O 10. Ne2 Ne8 11. Qd3 Bf6 12. c3 Qe7 13. Ned4 Be4 14. Qd2 c5
15. Ne2 d5 16. Ng3 Nd6 17. O-O-O Rfd8 18. Nh5 Ne8 19. Qe2 a5 20. Nxf6+ Nxf6 21.
Ng5 Bf5 22. h3 a4 23. g4 Bg6 24. Kd2 axb3 25. axb3 Ra2 26. Ke1 d4 27. cxd4 cxd4
28. Rd2 Ne4 29. Nxe4 Qxe4 30. Bxd4 Qxh1+ {White resigns} 0-1

[Event "Team 45 45 League T68"]
[Site "Internet Chess Club"]
[Date "2016.04.17"]
[Round "6"]
[White "Skeptic1972"]
[Black "Heian"]
[Result "0-1"]
[WhiteElo "1570"]
[BlackElo "1743"]
[Opening "Ruy Lopez: Classical defense deferred"]
[ECO "C70"]
[Time "11:02:35"]
[TimeControl "2700+45"]

1. e4 e5 2. Nf3 Nc6 3. Bb5 a6 4. Ba4 Bc5 5. O-O b5 6. Bb3 d6 7. c3 Bg4 8. h3 h5
9. d4 exd4 10. cxd4 Nxd4 11. hxg4 hxg4 12. Bg5 Nxf3+ 13. gxf3 Qxg5 14. fxg4 Qh4
15. Re1 Qxf2# {White checkmated} 0-1

[Event "Team 45 45 League T68"]
[Site "Internet Chess Club"]
[Date "2016.04.18"]
[Round "6"]
[White "FrankNautilus"]
[Black "Gojira"]
[Result "1/2-1/2"]
[WhiteElo "1654"]
[BlackElo "1605"]
[Opening "QGD Slav: 4.e3"]
[ECO "D11"]
[Time "17:08:32"]
[TimeControl "2700+45"]

1. d4 d5 2. c4 c6 3. Nf3 Nf6 4. e3 Bg4 5. Qb3 Qb6 6. Ne5 Qxb3 7. axb3 Bf5 8. Nc3
e6 9. Be2 Bb4 10. O-O Nbd7 11. f4 Ne4 12. Nxe4 Bxe4 13. Bf3 Bc2 14. Bd1 Be4 15.
Bf3 Bc2 16. Bd1 {Game drawn by mutual agreement} 1/2-1/2

[Event "Team 45 45 League T68"]
[Site "Internet Chess Club"]
[Date "2016.04.15"]
[Round "6"]
[White "Ajolote"]
[Black "QuieroAprender"]
[Result "1-0"]
[WhiteElo "1703"]
[BlackElo "1611"]
[Opening "Philidor's defense"]
[ECO "C41"]
[Time "19:22:05"]
[TimeControl "2700+45"]

1. e4 e5 2. Nf3 d6 3. Nc3 Bg4 4. Be2 h6 5. O-O Be7 6. d4 Nd7 7. Be3 Ngf6 8. dxe5
Bxf3 9. exf6 Bxe2 10. fxe7 Qxe7 11. Qxe2 {Black resigns} 1-0

[Event "Team 45 45 League T68"]
[Site "Internet Chess Club"]
[Date "2016.04.12"]
[Round "6"]
[White "isolani"]
[Black "fireball"]
[Result "0-1"]
[WhiteElo "1385"]
[BlackElo "1563"]
[Opening "Giuoco Piano"]
[ECO "C50"]
[Time "20:32:30"]
[TimeControl "2700+45"]

1. Nf3 Nc6 2. e4 e5 3. Bc4 Bc5 4. O-O Nf6 5. d3 d5 6. exd5 Nxd5 7. h3 O-O 8. Nc3
Nxc3 9. bxc3 h6 10. Be3 Bd6 11. a4 Kh8 12. Qd2 Qf6 13. Bd5 Qg6 14. Nh4 Qh5 15.
Nf3 f5 16. Qd1 f4 17. g4 Qxh3 {White resigns} 0-1

[Event "Team 45 45 League T68"]
[Site "Internet Chess Club"]
[Date "2016.04.16"]
[Round "6"]
[White "otherook"]
[Black "Elalfer"]
[Result "1/2-1/2"]
[WhiteElo "1763"]
[BlackElo "1614"]
[Opening "English: symmetrical variation"]
[ECO "A38"]
[Time "10:00:32"]
[TimeControl "2700+45"]

1. c4 c5 2. g3 g6 3. Bg2 Bg7 4. Nf3 Nc6 5. O-O Nf6 6. Nc3 O-O 7. a3 d6 8. Rb1
Bf5 9. d3 d5 10. cxd5 Nxd5 11. Nxd5 Qxd5 12. Bd2 Qd7 13. Bc3 Nd4 14. Qd2 Bh3 15.
b4 Nxf3+ 16. exf3 Bxg2 17. Kxg2 Bxc3 18. Qxc3 cxb4 19. Qxb4 b6 20. d4 {Game
drawn by mutual agreement} 1/2-1/2

[Event "Team 45 45 League T68"]
[Site "Internet Chess Club"]
[Date "2016.04.14"]
[Round "6"]
[White "krysto"]
[Black "parrot9"]
[Result "0-1"]
[WhiteElo "1571"]
[BlackElo "1765"]
[Opening "QGD semi-Slav"]
[ECO "D43"]
[Time "14:46:38"]
[TimeControl "2700+45"]

1. d4 d5 2. c4 c6 3. Nf3 Nf6 4. Nc3 e6 5. Bg5 Be7 6. e3 Nbd7 7. Bd3 dxc4 8. Bxc4
b5 9. Bd3 Bb7 10. b4 Bxb4 11. Qb3 Qa5 12. Rc1 Nd5 13. Kd2 Bxc3+ {White resigns}
0-1

[Event "Team 45 45 League T68"]
[Site "Internet Chess Club"]
[Date "2016.04.15"]
[Round "6"]
[White "crazyhorses"]
[Black "portis2"]
[Result "0-1"]
[WhiteElo "1366"]
[BlackElo "1566"]
[Opening "Sicilian: Najdorf, Opocensky variation"]
[ECO "B92"]
[Time "11:01:59"]
[TimeControl "2700+45"]

1. e4 c5 2. Nf3 d6 3. d4 cxd4 4. Nxd4 Nf6 5. Nc3 a6 6. Be2 e5 7. Nb3 Be6 8. Be3
Be7 9. O-O Nbd7 10. f4 exf4 11. Rxf4 b5 12. a4 b4 13. Nd5 Bxd5 14. exd5 a5 15.
Bb5 O-O 16. Bc6 Rc8 17. Qd4 Ne5 18. Qb6 Qxb6 19. Bxb6 Nxc6 20. dxc6 Rxc6 21.
Bxa5 Rxc2 22. Re1 Rxb2 23. Rxb4 Nd5 24. Rb7 Bd8 25. Bxd8 Rxd8 26. a5 Ra2 27. Nd4
g6 28. Rf1 Re8 29. Rbxf7 Rxa5 30. Rd7 Ra2 31. Ne6 Rxe6 32. Rd8+ Kg7 {White
resigns} 0-1

[Event "Team 45 45 League T68"]
[Site "Internet Chess Club"]
[Date "2016.04.16"]
[Round "6"]
[White "scostanzo212"]
[Black "PsyMar"]
[Result "1-0"]
[WhiteElo "1532"]
[BlackElo "1382"]
[Opening "King's Indian: orthodox, Aronin-Taimanov, 9.Ne1"]
[ECO "E98"]
[Time "11:00:29"]
[TimeControl "2700+45"]

1. d4 Nf6 2. c4 g6 3. Nc3 Bg7 4. e4 d6 5. Nf3 O-O 6. Be2 e5 7. O-O Nc6 8. d5 Ne7
9. Ne1 Ne8 10. f3 f5 11. Be3 f4 12. Bf2 Kh8 13. c5 Bd7 14. b4 a6 15. Qb3 g5 16.
cxd6 cxd6 17. b5 g4 18. bxa6 bxa6 19. Rb1 h5 20. Qb6 Nc7 21. Qxd6 Nc8 22. Qb4 h4
23. fxg4 Qg5 24. h3 Bb5 25. Nxb5 Nxb5 26. Nf3 Qg6 27. Nxh4 Qh7 28. Nf5 Ncd6 29.
Nxg7 Kxg7 30. Bxb5 axb5 31. Qxd6 {Black resigns} 1-0

[Event "Team 45 45 League T68"]
[Site "Internet Chess Club"]
[Date "2016.04.17"]
[Round "6"]
[White "clarinetref"]
[Black "rubo"]
[Result "1/2-1/2"]
[WhiteElo "1625"]
[BlackElo "1589"]
[Opening "Caro-Kann: classical, Spassky variation"]
[ECO "B19"]
[Time "20:06:55"]
[TimeControl "2700+45"]

1. e4 c6 2. d4 d5 3. Nc3 dxe4 4. Nxe4 Bf5 5. Ng3 Bg6 6. h4 h6 7. Nf3 Nd7 8. h5
Bh7 9. Bd3 Bxd3 10. Qxd3 Ngf6 11. Bd2 Qc7 12. O-O-O e6 13. Kb1 O-O-O 14. Ne4
Nxe4 15. Qxe4 Nf6 16. Qf4 Bd6 17. Ne5 c5 18. c3 Kb8 19. f3 a6 20. Qh2 Bxe5 21.
Qxe5 Rd5 22. Qxc7+ Kxc7 23. Bf4+ Kc6 24. Be5 Rhd8 25. Kc2 c4 26. g4 Ne8 27. Bg3
Nf6 28. Be5 Ne8 29. Bg3 f6 30. Rhe1 Kd7 31. Re2 Nd6 32. Rde1 Re8 33. Bxd6 Kxd6
34. b4 b5 35. a3 e5 36. f4 Rf8 37. f5 Re8 38. Re4 Re7 39. Kd2 Ra7 40. Kc2 Re7
41. Kb2 Re8 {Game drawn by mutual agreement} 1/2-1/2

[Event "Team 45 45 League T68"]
[Site "Internet Chess Club"]
[Date "2016.04.16"]
[Round "6"]
[White "nosir"]
[Black "kutch"]
[Result "1-0"]
[WhiteElo "1540"]
[BlackElo "1497"]
[Opening "Réti: King's Indian attack, Yugoslav variation"]
[ECO "A07"]
[Time "10:35:01"]
[TimeControl "2700+45"]

1. Nf3 d5 2. g3 Nf6 3. Bg2 c6 4. O-O Bg4 5. d3 Nbd7 6. Nbd2 e6 7. Re1 Bd6 8. e4
O-O 9. Nf1 h6 10. Qd2 dxe4 11. dxe4 Ne5 12. Nxe5 Bxe5 13. Qb4 Qc7 14. Ne3 Bd6
15. Qb3 e5 16. Nxg4 Nxg4 17. h3 Nf6 18. Qf3 Nh7 19. Be3 Qd7 20. Rad1 Qe7 21. Rd3
Rad8 22. Red1 b6 23. R1d2 Bc7 24. Qd1 Rxd3 25. Rxd3 Rd8 26. a4 Rxd3 27. Qxd3 Bd6
28. f4 Nf8 29. b3 Bc5 30. fxe5 Bxe3+ 31. Qxe3 Qxe5 32. Kf2 Nd7 33. Qd3 Qf6+ 34.
Qf3 Qxf3+ 35. Bxf3 c5 36. Be2 Ne5 37. Ke3 g5 38. g4 Kf8 39. Kd2 Ke7 40. Kc3 Kd6
41. Kd2 f6 42. Ke3 Nf7 43. Kf3 Ke5 44. Ke3 Nh8 45. Bd3 Ng6 46. Be2 Nf4 47. Bf1
h5 48. gxh5 Nxh5 49. Be2 Ng7 50. c3 Ne6 51. Bd3 Ng7 52. Be2 f5 53. exf5 Nxf5+
54. Kf3 Nd6 55. Bd3 Kf6 56. Ke3 Nf7 57. Ke4 Ne5 58. Be2 Nd7 59. Kd5 Ne5 60. Kd6
Kf5 61. Kc7 Kf4 62. Kb7 Nf3 63. Kxa7 Nd2 64. Kxb6 Nxb3 65. a5 Nxa5 66. Kxa5 Ke3
67. Bc4 Kd2 68. Kb5 Kxc3 69. Kxc5 Kd2 70. Be6 Ke3 71. Bg4 Kf4 72. Kd5 Kg3 73.
Ke5 Kh4 74. Kf5 {Black resigns} 1-0

[Event "Team 45 45 League T68"]
[Site "Internet Chess Club"]
[Date "2016.04.17"]
[Round "6"]
[White "Kingfisher75"]
[Black "PaulRichard"]
[Result "1/2-1/2"]
[WhiteElo "1527"]
[BlackElo "1794"]
[Opening "Sicilian: Nimzovich-Rossolimo attack (with ...g6, without ...d6)"]
[ECO "B31"]
[Time "20:00:26"]
[TimeControl "2700+45"]

1. e4 c5 2. Nf3 Nc6 3. Bb5 g6 4. Bxc6 dxc6 5. d3 Bg7 6. h3 Nf6 7. Nc3 Nd7 8. Be3
e5 9. Qd2 Qe7 10. Bh6 f6 11. Bxg7 Qxg7 12. Nh2 Nf8 13. f4 exf4 14. Qxf4 Ne6 15.
Qf2 Qe7 16. Nf3 Bd7 17. O-O-O O-O-O 18. Kb1 b6 19. Rhe1 Qg7 20. Qe3 Rhf8 21. g4
Nd4 22. Rf1 f5 23. exf5 gxf5 24. Qe5 Qxe5 25. Nxe5 fxg4 26. Nxd7 Kxd7 27. hxg4
Rf3 28. Rxf3 Nxf3 29. Ne4 Rf8 30. Rh1 Rf7 31. Kc1 Ne5 32. Rxh7 Rxh7 33. Nf6+ Ke6
34. Nxh7 Nxg4 {Game drawn by mutual agreement} 1/2-1/2

[Event "Team 45 45 League T68"]
[Site "Internet Chess Club"]
[Date "2016.04.17"]
[Round "6"]
[White "g8wrb"]
[Black "Aquaman"]
[Result "1-0"]
[WhiteElo "1312"]
[BlackElo "1321"]
[Opening "QP counter-gambit: Maroczy gambit"]
[ECO "C40"]
[Time "15:04:07"]
[TimeControl "2700+45"]

1. e4 e5 2. Nf3 d5 3. exd5 Bd6 4. Nc3 Nf6 5. d3 O-O 6. Be2 Re8 7. O-O Nbd7 8.
Bg5 h6 9. Bh4 Be7 10. Re1 b6 11. Bg3 Bd6 12. Nb5 Bb7 13. Nxd6 cxd6 14. c4 a6 15.
Nd2 b5 16. b3 Nc5 17. Qc2 Bc8 18. Bf3 Bf5 19. Ne4 Ncxe4 20. Bxe4 Bxe4 21. dxe4
Nh5 22. Re3 Rc8 23. Rc1 Qd7 24. Qe2 Nf6 25. Rec3 b4 26. Rf3 Nh7 27. Bh4 Nf8 28.
h3 a5 29. Bg3 Qb7 30. Qe3 Nd7 31. Bh2 Nc5 32. Rg3 Kh7 33. Qe2 f6 34. Qg4 a4 35.
Qg6+ Kh8 36. Rb1 a3 37. Kf1 Rf8 38. Qf5 Qd7 39. Qxd7 Nxd7 40. Re3 Nc5 41. Bg1 f5
42. exf5 Rxf5 43. Ke2 Rcf8 44. f3 R5f7 45. Kd2 Nd7 46. Rf1 Nf6 47. Rfe1 Nh5 48.
Bh2 Nf4 49. Bxf4 Rxf4 50. Re4 R4f6 51. Rc1 Rc8 52. Rce1 Rc5 53. Rf1 Rf4 54. Ke3
Rf8 55. g3 Rcc8 56. f4 g6 57. Rf3 exf4+ 58. Rfxf4 Kg7 59. Re7+ Kg8 60. Re6 Rcd8
61. Rxg6+ Kh7 62. Rxf8 Rxf8 63. Rxd6 Rf1 64. Rb6 Re1+ 65. Kf2 Ra1 66. Rxb4 Rxa2+
67. Ke3 Rb2 68. Kd3 a2 69. Ra4 Rxb3+ 70. Kc2 Rxg3 71. Rxa2 Rxh3 72. Ra6 Rh2+ 73.
Kd3 Rh3+ 74. Kd4 Rh4+ 75. Kc5 Rh5 76. Kc6 Rg5 77. d6 Rg6 78. Ra7+ Kg8 79. Kc7
Rg5 80. Ra6 Kf8 81. d7 Rg7 82. Ra8+ Kf7 83. d8=Q Ke6+ 84. Kc6 Re7 85. Qd6+ Kf7
86. Qxh6 Re6+ 87. Qxe6+ Kxe6 88. Kb6 {Black resigns} 1-0

[Event "Team 45 45 League T68"]
[Site "Internet Chess Club"]
[Date "2016.04.14"]
[Round "6"]
[White "zorori"]
[Black "bardu"]
[Result "1-0"]
[WhiteElo "1557"]
[BlackElo "1427"]
[Opening "Ruy Lopez: closed, Bogolyubov variation"]
[ECO "C91"]
[Time "12:16:40"]
[TimeControl "2700+45"]

1. e4 e5 2. Nf3 Nc6 3. Bb5 a6 4. Ba4 Nf6 5. O-O Be7 6. Re1 b5 7. Bb3 d6 8. c3
O-O 9. d4 Bg4 10. h3 Bxf3 11. Qxf3 exd4 12. Bf4 dxc3 13. Qxc3 Nb8 14. Nd2 Nbd7
15. Nf3 Nc5 16. Bc2 Re8 17. Rad1 Qd7 18. e5 Nh5 19. exd6 Bxd6 20. Rxe8+ Rxe8 21.
Bxd6 cxd6 22. Qxc5 {Black resigns} 1-0

[Event "Team 45 45 League T68"]
[Site "Internet Chess Club"]
[Date "2016.04.18"]
[Round "6"]
[White "herrahuu"]
[Black "houseofcook"]
[Result "1-0"]
[WhiteElo "1438"]
[BlackElo "1412"]
[Opening "QGD: exchange, positional line"]
[ECO "D35"]
[Time "12:00:25"]
[TimeControl "2700+45"]

1. d4 Nf6 2. c4 e6 3. Nc3 d5 4. cxd5 exd5 5. Bg5 Be7 6. e3 c6 7. Bd3 Nbd7 8. Qc2
O-O 9. Nge2 Re8 10. O-O Nf8 11. Rad1 Nh5 12. Bxe7 Qxe7 13. Rfe1 g6 14. Ng3 Nxg3
15. hxg3 Qg5 16. b4 a6 17. Na4 Ne6 18. Nc5 Nxc5 19. bxc5 Bf5 20. Bxf5 Qxf5 21.
Qxf5 gxf5 22. Rb1 Rab8 23. Rb6 Kg7 24. Reb1 Re7 25. Rxc6 Re6 26. Rcb6 Ree8 27.
Rxb7 Rxb7 28. Rxb7 Rc8 29. Kf1 Rc6 30. Rb6 {Black resigns} 1-0

[Event "Team 45 45 League T68"]
[Site "Internet Chess Club"]
[Date "2016.04.15"]
[Round "6"]
[White "Visin"]
[Black "BrerRabbit"]
[Result "1-0"]
[WhiteElo "1331"]
[BlackElo "1425"]
[Opening "English opening"]
[ECO "A10"]
[Time "11:00:39"]
[TimeControl "2700+45"]

1. c4 d6 2. Nc3 e5 3. g3 f5 4. e3 Be7 5. Bg2 Nf6 6. Nge2 O-O 7. b3 c6 8. Bb2 Be6
9. d4 e4 10. O-O d5 11. cxd5 Nxd5 12. Qc1 Na6 13. a3 Nac7 14. f3 Nxc3 15. Qxc3
Nd5 16. Qd2 Nf6 17. b4 exf3 18. Bxf3 Bd5 19. Nf4 Qd7 20. Nxd5 Nxd5 21. Qd3 Rae8
22. e4 fxe4 23. Bxe4 Qd6 24. Bxh7+ Kh8 25. Bg6 Rd8 26. Rae1 Rf6 27. Rxf6 Bxf6
28. Bh5 Kg8 29. Qe4 Kf8 30. Qe8+ Rxe8 31. Rxe8# {Black checkmated} 1-0

[Event "Team 45 45 League T68"]
[Site "Internet Chess Club"]
[Date "2016.04.18"]
[Round "6"]
[White "Just-Jim"]
[Black "smsxman"]
[Result "0-1"]
[WhiteElo "1273"]
[BlackElo "1301"]
[Opening "Van't Kruijs opening"]
[ECO "A00"]
[Time "13:00:21"]
[TimeControl "2700+45"]

1. e3 Nc6 2. d4 d5 3. a3 Nf6 4. Be2 e6 5. f4 Be7 6. Nf3 O-O 7. O-O a6 8. c4 Na7
9. c5 b6 10. cxb6 cxb6 11. Nc3 b5 12. Na2 Bb7 13. Ne5 Rc8 14. Qb3 Nc6 15. Bxb5
axb5 16. Qxb5 Qc7 17. Nd3 Nb8 18. Bd2 Ba6 19. Qb3 Qc2 20. Qxc2 Rxc2 21. Nab4
Bxb4 22. Bxb4 Bxd3 23. Bxf8 Bxf1 24. Bd6 Rxb2 25. Kxf1 Nbd7 26. Rc1 h6 27. a4
Ra2 28. Rc8+ Kh7 29. Ra8 Kg6 30. a5 Ne4 31. h3 Nxd6 32. Rd8 Rxa5 33. Rxd7 Nf5
34. Kf2 Ra2+ 35. Kf3 Ra3 36. g4 Nxe3 37. Kf2 Nd1+ 38. Ke1 Ne3 39. Rc7 Nc4 40.
f5+ Kf6 41. h4 Re3+ 42. Kf2 Rh3 43. g5+ hxg5 44. hxg5+ Kxg5 45. fxe6 fxe6 46.
Rxg7+ Kf6 47. Rg8 Kf7 48. Rg4 Nd6 49. Rf4+ Ke7 50. Kg2 Rd3 51. Kf1 Ne4 52. Ke2
Rxd4 53. Ke3 Rb4 54. Rh4 Kd6 55. Rh8 Ke7 56. Kf4 Nf6+ 57. Ke3 e5 58. Ra8 Rb3+
59. Kd2 Ke6 60. Ra6+ Kf5 61. Kc2 Rf3 62. Kd2 d4 63. Ke2 Re3+ 64. Kd2 Ne4+ 65.
Kd1 Nc3+ 66. Kd2 Ke4 67. Rh6 Nd5 68. Rh4+ Nf4 69. Rh7 Kf3 70. Rh3+ Nxh3 {White
resigns} 0-1

[Event "Team 45 45 League T68"]
[Site "Internet Chess Club"]
[Date "2016.04.17"]
[Round "6"]
[White "Electryon"]
[Black "rkjulianjr"]
[Result "1-0"]
[WhiteElo "1455"]
[BlackElo "1342"]
[Opening "Queen's bishop game"]
[ECO "D00"]
[Time "11:00:42"]
[TimeControl "2700+45"]

1. d4 d5 2. Bf4 Nf6 3. Nf3 c5 4. e3 Nc6 5. c3 Qb6 6. Qb3 c4 7. Qxb6 axb6 8. Be2
Bg4 9. O-O Bxf3 10. Bxf3 e6 11. Nd2 Be7 12. e4 O-O 13. exd5 Nxd5 14. Bg3 b5 15.
Ne4 f5 16. Nc5 Rf6 17. Nxe6 Nb6 18. Rfe1 Kf7 19. Nc7 Ra5 20. Nd5 Nxd5 21. Bxd5+
Ke8 22. Bh4 Rd6 23. Bxc6+ bxc6 24. Bxe7 Rd7 25. Bc5+ Kf7 26. Re5 g6 27. a3 Ra8
28. Rae1 Kf6 29. Re6+ Kg5 30. Rxc6 Rf8 31. Bxf8 {Black resigns} 1-0

[Event "Team 45 45 League T68"]
[Site "Internet Chess Club"]
[Date "2016.04.15"]
[Round "6"]
[White "Toalla"]
[Black "Aquaman"]
[Result "1-0"]
[WhiteElo "1282"]
[BlackElo "1339"]
[Opening "Sicilian: accelerated fianchetto, exchange variation"]
[ECO "B34"]
[Time "16:00:28"]
[TimeControl "2700+45"]

1. e4 c5 2. Nf3 g6 3. d4 cxd4 4. Nxd4 Nc6 5. Nxc6 bxc6 6. Bd3 Bg7 7. c3 Nf6 8.
Nd2 d6 9. Nf3 O-O 10. O-O Rb8 11. Rb1 Be6 12. b3 Bc8 13. Bb2 e5 14. Bc1 a6 15.
a4 Nd7 16. Ng5 h6 17. Nxf7 Qe7 18. Nxd6 Kh7 19. Nxc8 Rbxc8 20. Bxa6 Rb8 21. b4
Rbd8 22. Qe2 Rb8 23. Ba3 Qf6 24. a5 Rfd8 25. Bc4 Ra8 26. Rbd1 Qe7 27. Bb3 Nf6
28. Bc2 Rf8 29. Qc4 Rac8 30. a6 Qa7 31. Rd6 Qc7 32. Rfd1 Ng4 33. R1d2 h5 34. Qd3
Nf6 35. g3 Kh8 36. Ba4 Bh6 37. Rxc6 Qa7 38. Rxc8 Rxc8 39. Rc2 h4 40. b5 h3 41.
b6 Qxb6 42. Rb2 Qe6 43. a7 Ra8 44. Rb8+ Kh7 45. Rxa8 Qa2 46. Rh8+ Kxh8 47. a8=Q+
Kh7 48. Qb7+ Bg7 49. Qb2 Qe6 50. Bb3 Qg4 51. Qbe2 Qc8 52. Qc4 Qa8 53. f3 g5 54.
Bb2 g4 55. Bc2 gxf3 56. Qxf3 Qa7+ 57. Qf2 Qe7 58. Kf1 Ng4 59. Qf5+ {Black
resigns} 1-0

[Event "Team 45 45 League T68"]
[Site "Internet Chess Club"]
[Date "2016.04.18"]
[Round "6"]
[White "artspir"]
[Black "joaoazm"]
[Result "0-1"]
[WhiteElo "1183"]
[BlackElo "1151"]
[Opening "Queen's pawn game"]
[ECO "D02"]
[Time "09:00:38"]
[TimeControl "2700+45"]

1. d4 d5 2. Nf3 h6 3. Bf4 Nc6 4. e3 Bg4 5. Be2 Bxf3 6. Bxf3 e6 7. c3 Bd6 8. Bxd6
Qxd6 9. Nd2 b6 10. O-O Nf6 11. Qc2 O-O 12. Rfe1 e5 13. dxe5 Nxe5 14. Be2 Neg4
15. Nf3 Ne4 16. h3 Ne5 17. Rad1 c6 18. Nxe5 Qxe5 19. Bd3 f5 20. c4 Rad8 21. cxd5
cxd5 22. Bxe4 fxe4 23. Rd2 Rf6 24. Qb3 Rfd6 25. Rf1 Kh8 26. Rd4 a5 27. f4 exf3
28. Rxf3 Rf6 29. Rdf4 Rdf8 30. Qb5 Qe6 31. Qf1 Qe5 32. Qf2 b5 33. h4 Rc8 34. Kh2
Rxf4 35. Rxf4 Qd6 36. g4 g5 37. hxg5 hxg5 38. Kh3 gxf4 39. exf4 Qh6+ 40. Kg3 Qd6
41. Qd4+ Kg8 42. g5 Rf8 43. g6 Qxg6+ 44. Kf3 Qe4+ 45. Qxe4 dxe4+ 46. Kxe4 Rd8
47. Ke5 Kf7 48. f5 Re8+ 49. Kf4 Kf6 50. b3 Re5 51. a4 b4 52. Kf3 Rxf5+ 53. Ke4
Re5+ 54. Kd4 Re8 55. Kc4 Rb8 56. Kc5 Ke5 57. Kc4 Ke4 58. Kc5 Kd3 59. Kc6 Kc3 60.
Kc7 Ra8 61. Kb7 Rh8 62. Kb6 Rh5 63. Ka6 Kxb3 64. Kb6 Kxa4 65. Ka6 Rh6+ {White
resigns} 0-1

[Event "Team 45 45 League T68"]
[Site "Internet Chess Club"]
[Date "2016.04.19"]
[Round "6"]
[White "WzeroMN"]
[Black "RobertBuice"]
[Result "1-0"]
[WhiteElo "1134"]
[BlackElo "1109"]
[Opening "Caro-Kann: two knights, 3...Bg4"]
[ECO "B10"]
[Time "18:03:26"]
[TimeControl "2700+45"]

1. e4 c6 2. Nf3 d5 3. Nc3 Bg4 4. Be2 e6 5. Ne5 Bxe2 6. Qxe2 Qf6 7. d4 Bb4 8.
exd5 cxd5 9. Qb5+ Nc6 10. Nxc6 bxc6 11. Qxc6+ Ke7 12. Qxa8 Qxd4 13. Qb7+ Kf6 14.
O-O Bxc3 15. Be3 Qe5 16. bxc3 Qxc3 17. Qb1 d4 18. Bf4 e5 19. Bg3 e4 20. Qb3 Qd2
21. Bh4+ Kf5 22. Rad1 Qe2 23. Qh3+ Ke5 24. Qg3+ Kd5 25. Qb3+ Ke5 26. Rb1 e3 27.
Qb5+ Ke4 28. Qxe2 Nf6 {Black resigns} 1-0